 Dungeon Crawl Stone Soup version 0.30-a0-847-g17996783a1 (webtiles) character file.

Game seed: 11438857121284938617

18113 Newt the Skirmisher (level 12, -3/65 HPs)
             Began as a Kobold Hunter on Mar 3, 2023.
             Was a Believer of Hepliaklqana.
             Succumbed to their own poison gas
             ... on level 12 of the Dungeon.
             The game lasted 00:15:57 (11895 turns).

Newt the Skirmisher (Kobold Hunter)                Turns: 11895, Time: 00:15:58

Health: -3/65      AC: 11    Str: 13    XL:     12   Next: 91%
Magic:  21/21      EV: 30    Int: 10    God:    Hepliaklqana [**....]
Gold:   1882       SH: 10    Dex: 22    Spells: 20/23 levels left

rFire   + . .      SeeInvis +    x - +4 sling of the Shrike {heavy, Str+3}
rCold   + . .      Faith    .    G - +3 buckler
rNeg    . . .      Spirit   .    o - +4 leather armour of Xyxtipu {rElec Will+ SInv}
rPois   .          Reflect  .    (no helmet)
rElec   +          Rampage  .    t - scarf {rC+ rF+}
rCorr   .                        n - +2 pair of gloves
Will    +....                    (no boots)
Stlth   +++                      l - amulet of regeneration
HPRegen 1.10/turn                Q - +5 ring of evasion
MPRegen 0.17/turn                u - +5 ring of evasion

@: lethally poisoned (-3 -> -13)
A: reduced essence, small, no large weapons, nightstalker 3
a: Renounce Religion, Recall Ancestor, Ancestor Identity


You were on level 12 of the Dungeon.
You worshipped Hepliaklqana.
Hepliaklqana was pleased with you.
You visited 2 branches of the dungeon, and saw 13 of its levels.
You also visited: Sewer.

You collected 2418 gold pieces.
You spent 536 gold pieces at shops.

Inventory:

Hand Weapons
 a - a +0 shortbow of flaming
 p - a +1 arbalest of flaming
 x - the +4 sling of the Shrike (weapon) {heavy, Str+3}
   (You found it on level 4 of the Dungeon)

   Str:       It affects your strength (+3).
Armour
 n - a +2 pair of gloves (worn)
 o - the +4 leather armour of Xyxtipu (worn) {rElec Will+ SInv}
   (You found it on level 3 of the Dungeon)

   rElec:     It insulates you from electricity.
   SInv:      It lets you see invisible.
   Will:      It increases your willpower.
 t - a scarf of resistance (worn)
 G - a +3 buckler (worn)
 K - the +6 chain mail of Rucwaube {Str+3 Stlth+}
   (You bought it in a shop on level 7 of the Dungeon)

   Str:       It affects your strength (+3).
   Stlth:     It makes you more stealthy.
 L - a +1 robe of positive energy
 T - +0 acid dragon scales
 U - the +0 pair of boots "Hotujiw" {-Cast rN+ Will+}
   (You found it on level 10 of the Dungeon)

   rN:        It protects you from negative energy.
   -Cast:     It prevents spellcasting.
   Will:      It increases your willpower.
Jewellery
 c - the ring of Yzxi {rN+ Str+3 Stlth+}
   (You found it on level 8 of the Dungeon)

   [ring of positive energy]

   Str:       It affects your strength (+3).
   rN:        It protects you from negative energy.
   Stlth:     It makes you more stealthy.
 e - a ring of poison resistance
 l - an amulet of regeneration (around neck)
 u - a +5 ring of evasion (right hand)
 C - a ring of see invisible
 I - a ring of ice
 Q - a +5 ring of evasion (left hand)
Wands
 s - a wand of iceblast (1)
 E - a wand of paralysis (29)
 F - a wand of digging (9)
 V - a wand of flame (14)
Scrolls
 b - 2 scrolls of immolation
 i - a scroll of magic mapping
 q - 3 scrolls of vulnerability
 w - a scroll of noise
 y - 2 scrolls of butterflies
 D - a scroll of poison
 J - 4 scrolls of amnesia
 N - 2 scrolls of silence
 O - 2 scrolls of identify
 P - a scroll of enchant weapon
 R - a scroll of enchant armour
Potions
 d - a potion of mutation
 f - a potion of might
 g - 6 potions of lignification
 h - 2 potions of magic
 k - 2 potions of berserk rage
 m - a potion of curing
 r - 2 potions of attraction
 v - 2 potions of invisibility
 A - 4 potions of flight
 B - 2 potions of cancellation
 H - a potion of degeneration
 S - 3 potions of resistance


   Skills:
 - Level 8.0 Fighting
 + Level 10.5 Ranged Weapons
 - Level 6.0 Armour
 - Level 8.0 Dodging
 - Level 1.3 Stealth
 - Level 9.0 Shields
 - Level 6.1 Spellcasting
 - Level 6.0 Hexes
 - Level 6.1 Fire Magic


You had 20 spell levels left.
You knew the following spells:

 Your Spells              Type           Power      Damage    Failure   Level
a - Inner Flame           Hex/Fire       15%        N/A       9%          3

Your spell library contained the following spells:

 Spells                   Type           Power      Damage    Failure   Level
 Cause Fear               Hex            7%         N/A       28%         4
 Dazzling Flash           Conj/Hex       18%        N/A       30%         3
 Apportation              Tloc           6%         N/A       34%         1
 Necrotise                Necr           12%        1d4       34%         1
 Summon Small Mammal      Summ           12%        N/A       34%         1
 Silence                  Hex/Air        4%         N/A       95%         5
 Agony                    Necr           3%         N/A       100%        5
 Discord                  Hex            7%         N/A       100%        8


Dungeon Overview and Level Annotations

Branches:
Dungeon (12/15)            Temple (1/1) D:7            Lair (0/5) D:10
    Orc (0/2) D:11          Sewer (visited)

Altars:
Ashenzari
Cheibriados
Dithmenos
Elyvilon
Fedhas
Gozag
Hepliaklqana
Kikubaaqudgha
Makhleb
Nemelex Xobeh
Okawaru
Qazlal
Ru
Sif Muna
Trog
Uskayaw
Vehumet
Wu Jian
Xom
Yredelemnul
Zin
The Shining One

Shops:
D:3 =   D:7 :!(:*


Innate Abilities, Weirdness & Mutations

Your life essence is reduced to manifest your ancestor. (-10% HP)
You are small and have problems with some larger weapons.
You are completely attuned to the shadows.


Message History

Press: ? - help, Q - select action, (/) - cycle Shift-Dir - straight line, f/p - boulder beetle
Aim: a boulder beetle (poison gas, moderately wounded, poisoned, 92% to hit)
You shoot a sling bullet.
The sling bullet hits the boulder beetle but does no damage.
The boulder beetle is moderately wounded.
The boulder beetle looks even sicker.
The boulder beetle bites you.
The skeletal warrior completely misses you.
The red ugly thing is engulfed in poison gas.
The red ugly thing looks as sick as possible!
The red ugly thing bites you!
You are engulfed in flames!
You resist.
The boulder beetle is engulfed in poison gas.
The boulder beetle looks even sicker.
The boulder beetle closely misses you.
Fire: x) +4 sling of the Shrike {heavy, Str+3}
Press: ? - help, Q - select action, (/) - cycle Shift-Dir - straight line, f/p - boulder beetle
Aim: a boulder beetle (poison gas, moderately wounded, very poisoned, 92% to hit)
You shoot a sling bullet.
The sling bullet hits the boulder beetle.
The boulder beetle is moderately wounded.
You block the skeletal warrior's attack.
The red ugly thing is engulfed in poison gas.
The red ugly thing looks as sick as possible!
The red ugly thing completely misses you.
The boulder beetle is engulfed in poison gas.
The boulder beetle looks as sick as possible!
The boulder beetle bites you!
The skeletal warrior completely misses you.
The red ugly thing is engulfed in poison gas.
The red ugly thing looks as sick as possible!
The red ugly thing bites you!
* * * LOW HITPOINT WARNING * * *
You are engulfed in flames!
You resist.
* * * LOW HITPOINT WARNING * * *
Blink to where?
Press: ? - help, Dir - move target, p - boulder beetle Really blink into that cloud of poison gas?
As you read the scroll of blinking, it crumbles to dust.
You are engulfed in poison gas.
You are lethally poisoned!
* * * LOW HITPOINT WARNING * * *
You die...

####### #§§§☼§#
####z§§§☼#
#☼'.u§☼§§#
#@##B☼§§○#
#.##☼§○§○#
#.###########
#.#########.###.
#..##°..........
##....z.........
###.#.....##[..
#....#.......
##...##.......


You could see a red ugly thing (extremely poisoned) and a skeletal warrior.

Vanquished Creatures
  3 two-headed ogres
  2 skeletal warriors (D:12)
  Pikel (D:6)
  A gargoyle (D:10)
  A kobold demonologist (D:12)
  3 trolls
  A hornet (D:9)
  A shadow (D:9)
  5 slime creatures (D:11)
  A wyvern (D:10)
  2 wraiths
  A vampire (D:12)
  A basilisk (D:10)
  A steam dragon (D:8)
  17 yaks
  5 vampire mosquitoes
  Edmund (D:4)
  5 acid dragons (D:10)
  3 sky beasts (D:7)
  Duvessa (D:6)
  2 ice beasts
  A black bear (D:10)
  5 orc warriors
  2 lemures (D:6)
  4 phantoms
  A centaur (D:11)
  A kobold brigand (D:9)
  2 gnoll sergeants
  4 bullfrogs
  4 scorpions
  Dowan (D:6)
  9 killer bees (D:9)
  4 howler monkeys
  4 jellies
  2 gnoll boudas (D:5)
  A hound (D:7)
  9 orc priests
  2 sleepcaps
  6 iguanas
  5 orc wizards
  Robin (D:2)
  17 gnolls
  2 river rats (D:3)
  7 adders
  A white imp (D:6)
  2 worms
  2 dart slugs
  24 orcs
  7 bats
  6 endoplasms
  11 giant cockroaches
  14 goblins
  9 hobgoblins
  9 jackals
  8 quokkas
  10 ball pythons
  13 frilled lizards
  11 kobolds
  12 rats
291 creatures vanquished.

Vanquished Creatures (collateral kills)
  A hydra (D:12)
  2 skeletal warriors (D:12)
  A gargoyle (D:12)
  A komodo dragon (D:12)
  3 kobold demonologists
  A troll (D:12)
  A shadow (D:11)
  A wraith (D:12)
  A yak (D:10)
  3 vampire mosquitoes
  A killer bee (D:9)
  A gnoll (D:10)
  2 kobolds
19 creatures vanquished.

Vanquished Creatures (others)
  5 ancestors
  6 knights
11 creatures vanquished.

Grand Total: 321 creatures vanquished

Notes
Turn   | Place    | Note
-------+----------+-------------------------------------------
     0 | D:1      | Newt the Kobold Hunter began the quest for the Orb.
     0 | D:1      | Reached XP level 1. HP: 12/12 MP: 1/1
    79 | D:1      | Reached XP level 2. HP: 18/18 MP: 2/2
   519 | D:1      | Reached XP level 3. HP: 23/23 MP: 3/3
  1393 | D:2      | Reached XP level 4. HP: 26/30 MP: 4/4
  1433 | D:2      | Noticed Robin
  1440 | D:2      | Killed Robin
  1951 | D:3      | Reached skill level 5 in Fighting
  1962 | D:3      | Reached XP level 5. HP: 14/35 MP: 5/5
  2008 | D:3      | Identified the +4 leather armour of Xyxtipu {rElec Will+
                  | SInv}
  2108 | D:3      | Reached skill level 6 in Ranged Weapons
  2129 | D:3      | Found a glowing drain.
  2141 | Sewer    | Entered a sewer
  2263 | Sewer    | Reached skill level 7 in Ranged Weapons
  2289 | Sewer    | Reached XP level 6. HP: 40/40 MP: 6/6
  2363 | Sewer    | Reached skill level 8 in Ranged Weapons
  2899 | D:3      | Found a glowing golden altar of the Shining One.
  2993 | D:3      | Found Myqo Sej's Jewellery Shoppe.
  3416 | D:4      | Identified 3 scrolls of acquirement
  3416 | D:4      | Acquired a +5 ring of evasion
  3419 | D:4      | Acquired 601 gold pieces
  3421 | D:4      | Acquired a +0 arbalest of flaming
  3435 | D:4      | Reached skill level 9 in Ranged Weapons
  3435 | D:4      | Reached XP level 7. HP: 44/44 MP: 7/7
  3462 | D:4      | Noticed Edmund
  3467 | D:4      | Killed Edmund
  3775 | D:4      | Identified the +4 sling of the Shrike {heavy, Str+3}
  3855 | D:4      | Reached skill level 10 in Ranged Weapons
  4009 | D:4      | Found a stormy altar of Qazlal.
  4246 | D:5      | Entered Level 5 of the Dungeon
  4247 | D:5      | Acquired 1110 gold pieces
  4259 | D:5      | Reached XP level 8. HP: 42/49 MP: 8/8
  4289 | D:5      | Reached skill level 5 in Dodging
  4349 | D:5      | Found a glowing silver altar of Zin.
  4653 | D:5      | Found an ornate altar of the Wu Jian Council.
  4808 | D:5      | Found an ancient bone altar of Kikubaaqudgha.
  4810 | D:5      | Found a sacrificial altar of Ru.
  4905 | D:5      | Noticed a two-headed ogre
  4918 | D:5      | Killed a two-headed ogre
  4919 | D:5      | Reached XP level 9. HP: 19/57 MP: 9/9
  5354 | D:6      | Noticed Duvessa
  5356 | D:6      | Noticed Dowan
  5360 | D:6      | Killed Duvessa
  5363 | D:6      | Killed Dowan
  5403 | D:6      | Reached skill level 1 in Spellcasting
  5403 | D:6      | Reached skill level 1 in Hexes
  5403 | D:6      | Reached skill level 1 in Fire Magic
  5537 | D:6      | Noticed Pikel
  5567 | D:6      | Killed Pikel
  5589 | D:6      | Found a shimmering blue altar of Sif Muna.
  5917 | D:6      | Found a broken altar of Ashenzari.
  6090 | D:7      | Reached XP level 10. HP: 48/64 MP: 14/14
  6103 | D:7      | Learned a level 3 spell: Inner Flame
  6125 | D:7      | Found Osolyag's Weapon Boutique.
  6186 | D:7      | Found Lanywiu's Distillery.
  6191 | D:7      | Bought a potion of heal wounds for 55 gold pieces
  6191 | D:7      | Bought a potion of heal wounds for 55 gold pieces
  6191 | D:7      | Bought a potion of curing for 33 gold pieces
  6191 | D:7      | Bought a potion of flight for 33 gold pieces
  6276 | D:7      | Found a staircase to the Ecumenical Temple.
  6282 | Temple   | Entered the Ecumenical Temple
  6453 | Temple   | Became a worshipper of Hepliaklqana the Forgotten
  6776 | D:7      | Found Tilyu's Book Shoppe.
  6904 | D:7      | Found Gycu's Book Shop.
  7046 | D:7      | Found Netteyst's Assorted Antiques.
  7051 | D:7      | Bought an ancient chain mail for 199 gold pieces
  7051 | D:7      | Identified the +6 chain mail of Rucwaube {Str+3 Stlth+}
                  | (You bought it in a shop on level 7 of the Dungeon)
  7051 | D:7      | Bought a runed robe for 77 gold pieces
  7051 | D:7      | Bought a scroll of identify for 42 gold pieces
  7051 | D:7      | Bought a scroll of identify for 42 gold pieces
  7252 | D:8      | Identified the ring of Yzxi {rN+ Str+3 Stlth+}
  7735 | D:9      | Reached * piety under Hepliaklqana
  7757 | D:9      | Reached skill level 5 in Spellcasting
  7757 | D:9      | Reached skill level 5 in Hexes
  7757 | D:9      | Reached skill level 5 in Fire Magic
  7845 | D:9      | Noticed a kobold demonologist
  7849 | D:9      | Killed a kobold demonologist
  7878 | D:9      | Reached XP level 11. HP: 14/61 MP: 15/20
  8109 | D:9      | Reached skill level 1 in Shields
  8435 | D:9      | Found a bloodstained altar of Trog.
  8551 | D:10     | Entered Level 10 of the Dungeon
  8566 | D:10     | Reached skill level 5 in Shields
  8569 | D:10     | Noticed a two-headed ogre
  8575 | D:10     | Killed a two-headed ogre
  8596 | D:10     | Found a staircase to the Lair.
  8904 | D:10     | Reached ** piety under Hepliaklqana
  8905 | D:10     | Remembered your ancestor Ahmose as a knight
  8939 | D:10     | Found a transporter.
  9464 | D:10     | Found a white marble altar of Elyvilon.
  9613 | D:10     | Found a transporter.
  9708 | D:10     | Identified the +0 pair of boots "Hotujiw" {-Cast rN+ Will+}
  9758 | D:11     | Found a staircase to the Orcish Mines.
 10237 | D:11     | Reached XP level 12. HP: 65/65 MP: 12/21
 10242 | D:11     | Noticed a two-headed ogre
 10293 | D:11     | HP: 1/65 [cloud of flame (11)]
 10945 | D:11     | Killed a two-headed ogre
 11187 | D:12     | Reached skill level 1 in Armour
 11194 | D:12     | Noticed a skeletal warrior
 11205 | D:12     | Killed a skeletal warrior
 11466 | D:12     | Noticed a skeletal warrior
 11476 | D:12     | Killed a skeletal warrior
 11477 | D:12     | Noticed a skeletal warrior
 11477 | D:12     | Noticed a skeletal warrior
 11478 | D:12     | Noticed a skeletal warrior
 11536 | D:12     | Killed a skeletal warrior
 11648 | D:12     | Reached skill level 5 in Armour
 11652 | D:12     | Noticed a five-headed hydra
 11656 | D:12     | Killed a five-headed hydra
 11688 | D:12     | Killed a skeletal warrior
 11866 | D:12     | Noticed a boulder beetle
 11895 | D:12     | HP: 1/65 [cloud of poison gas (8)]
 11895 | D:12     | Succumbed to their own poison gas

Illustrated notes

Levels and vault maps discovered:
D:1:      dpeg_arrival_radiant, layout_basic, serial_curves, eino_curves_02,
          eino_curves_04, eino_curves_04
D:2:      layout_basic, minmay_tetromino_l4, uniq_robin
D:3:      layout_basic, nicolae_tso_swordbearing_angel, portal_sewer_entry_e,
          serial_shops, nicolae_shop_stone, hex_intersection, st_stairs_6
D:4:      layout_loops_cross, mainiacjoe_overflow_alcove_1, uniq_edmund
D:5:      layout_gridville, chequers_temple_overflow_statue_of_worship,
          kennysheep_little_box, mainiacjoe_overflow_alcove_2
D:6:      layout_rooms, mainiacjoe_overflow_paths, general_overflow_altar,
          uniq_duvessa, uniq_pikel
D:7:      layout_gridville, lemuel_temple_firewalk_a, serial_shops,
          nicolae_square_shop, nicolae_shop_hallway_plus,
          nicolae_shop_statue_plus, shop, nicolae_shop_trees,
          minmay_crystal_room
D:8:      layout_rooms
D:9:      layout_rooms, trog_butcher_becter, feat_on_display
D:10:     gammafunk_cloud_chamber, layout_irregular_city,
          lemuel_coloured_pillars_altar, david_lair_generic
D:11:     layout_stronghold, orc_0_dummy
D:12:     layout_cave_pools, evilmike_butchery
Temple:   hc_temple_tempest_star

Skill      XL: |  1  2  3  4  5  6  7  8  9 10 11 12 |
---------------+-------------------------------------+-----
Fighting       | 3 4 5 7 8 |  8.0
Ranged Weapons | 7 9 10 | 10.5
Dodging        | 4 8 |  8.0
Spellcasting   | 3 6 |  6.1
Hexes          | 3 6 |  6.0
Fire Magic     | 3 6 |  6.1
Shields        | 7 9 |  9.0
Armour         | 6 |  6.0
Stealth        | |  1.3

Action                     |  1- 3 |  4- 6 |  7- 9 | 10-12 || total
---------------------------+-------+-------+-------+-------++-------
   Fire: Shortbow          |    92 |   174 |       |       ||   266
         Arbalest          |       |     2 |    42 |       ||    44
         Sling             |       |       |   169 |   359 ||   528
   Cast: Inner Flame       |       |       |       |    37 ||    37
 Invoke: Ancestor Life: Kn |       |       |       |     1 ||     1
  Evoke: Wand              |       |       |     3 |       ||     3
    Use: Scroll            |     1 |    10 |     5 |    12 ||    28
         Potion            |       |     1 |     4 |     8 ||    13
 Armour: Leather armour    |     9 |    35 |    23 |    48 ||   115
         Skin              |       |     6 |       |       ||     6
  Dodge: Dodged            |    28 |    99 |   193 |   323 ||   643
  Block: Buckler           |       |       |       |   158 ||   158

Table legend: (Time is in decaauts)
 A = Elapsed time spent in this place.
 B = Non-inter-level travel time spent in this place.
 C = Inter-level travel time spent in this place.
 D = Time resting spent in this place.
 E = Time spent auto-exploring this place.
 F = Levels seen in this place.
 G = Mean time per level.
                   A        B        C        D        E       F      G
               +--------+--------+--------+--------+--------+-----+--------+
         Total |  12312 |  11840 |    472 |   1776 |   8117 |  14 |  879.4 |
       Dungeon |  11262 |  10840 |    422 |   1627 |   7417 |  12 |  938.5 |
        Temple |    203 |    153 |     50 |      0 |    139 |   1 |  203.0 |
         Sewer |    847 |    847 |      0 |    149 |    560 |   1 |  847.0 |
               +--------+--------+--------+--------+--------+-----+--------+

Top non-repeatable levels by time:
    D:11: 1426 daAuts
    D:10: 1218 daAuts
     D:2: 1099 daAuts
     D:7: 1071 daAuts
     D:5: 1066 daAuts
     D:1: 854 daAuts
     D:4: 852 daAuts
   Sewer: 847 daAuts
     D:9: 839 daAuts
     D:3: 811 daAuts
    D:12: 764 daAuts
     D:6: 740 daAuts
     D:8: 518 daAuts
  Temple: 203 daAuts
